 Dungeon Crawl Stone Soup version 0.22-a0-830-gf552829 (webtiles) character file.

76 zishaf the Firebug (level 4, 0/24 HPs)
             Began as a Deep Elf Fire Elementalist on July 24, 2018.
             Slain by an orc
             ... wielding a +0 trident
              (4 damage)
             ... on level 3 of the Dungeon.
             The game lasted 00:04:11 (2007 turns).

zishaf the Firebug (Deep Elf Fire Elementalist)     Turns: 2007, Time: 00:04:12

Health: 0/24       AC:  2    Str:  5    XL:     4   Next: 12%
Magic:  7/11       EV: 14    Int: 21    God:
Gold:   142        SH:  0    Dex: 15    Spells: 7/10 levels left

rFire    . . .     SeeInvis .   h - +3 short sword
rCold    . . .     Gourm    .   (no shield)
rNeg     . . .     Faith    .   a - +0 robe
rPois    +         Spirit   .   (no helmet)
rElec    .         Reflect  .   (no cloak)
rCorr    .         Harm     .   (no gloves)
MR       .....                  (no boots)
Stlth    ++........             (no amulet)
HPRegen  0.08/turn              m - ring of poison resistance
MPRegen  0.12/turn              (no ring)

@: very slightly contaminated, slowed, very slow
A: no striking features
a: no special abilities


You were on level 3 of the Dungeon.
You were not hungry.

You visited 1 branch of the dungeon, and saw 3 of its levels.

You collected 142 gold pieces.

Inventory:

Hand Weapons
 h - a +3 short sword (weapon)
Armour
 a - a +0 robe (worn)
Jewellery
 m - a ring of poison resistance (left hand)
Scrolls
 b - 4 scrolls of teleportation {unknown}
 g - a scroll of magic mapping {unknown}
 j - a scroll of immolation {unknown}
 k - 7 scrolls of identify {unknown}
 l - 2 scrolls of enchant weapon {unknown}
 n - a scroll of remove curse {unknown}
Potions
 d - a potion of brilliance {unknown}
 e - 2 potions of might {unknown}
 f - 2 potions of haste {unknown}
 i - a potion of curing {unknown}
 p - a potion of degeneration {unknown}
Comestibles
 c - 7 rations
 o - 3 chunks of flesh


   Skills:
 + Level 3.4 Dodging
 - Level 2.4 Stealth
 + Level 3.8 Spellcasting
 + Level 2.3 Conjurations
 + Level 4.0 Fire Magic


You had 7 spell levels left.
You knew the following spells:

 Your Spells              Type           Power        Failure   Level  Hunger
a - Flame Tongue          Conj/Fire      ###..        3%          1    None
b - Throw Flame           Conj/Fire      ###...       4%          2    #......

Your spell library contained the following spells:

 Spells                   Type           Power        Failure   Level  Hunger
 Fireball                 Conj/Fire      ###.......   67%         5    ######.
 Conjure Flame            Conj/Fire      ###.....     10%         3    ###....
 Sticky Flame             Conj/Fire      ###.....     32%         4    ####...
 Inner Flame              Hex/Fire       ##......     16%         3    ###....


Dungeon Overview and Level Annotations

Branches:
Dungeon (3/15)

Altars:
Beogh

Annotations:
D:3 KappaVara's ghost, amateur OpFE


Message History

The flame tongue hits the orc wizard.
The orc wizard is lightly wounded.
The orc wizard hits you with a dagger.
Casting: Flame Tongue (safe; 3% risk of failure)
Confirm with . or Enter, or press ? or * to list all spells.
Aiming: Flame Tongue (safe; 3% risk of failure)
Press: ? - help, Shift-Dir - straight line, f/p - orc wizard
Aim: an orc wizard, wielding a dagger and wearing a robe (fast)
The flame tongue hits the orc wizard.
The orc wizard is severely wounded.
The orc wizard barely misses you. The orc wizard casts a spell at you.
The puff of flame hits you! The orc wizard hits you with a dagger.
* * * LOW HITPOINT WARNING * * *
The orc wizard barely misses you. The orc hits you but does no damage.
The orc wizard hits you but does no damage.
The orc wizard hits you with a dagger.
* * * LOW HITPOINT WARNING * * *
The orc hits you from afar with a trident.
You die... ###### ######### #....# #.o.oooo.

#....# #.########
#.@o)###>........
#.o.oo...........
#.....##.####....
#.....#.....#.###
#........####.###.
#.....#..####.....
#####.#.[...8######
#.#...#..#oooo.
######.#.###..#o.##o


You could see 2 orc wizards and 2 orcs.

Vanquished Creatures
  2 adders (D:2)
  A worm (D:2)
  3 dart slugs
  An orc (D:3)
  5 giant cockroaches
  6 goblins
  3 hobgoblins
  4 jackals
  8 kobolds
  3 ball pythons
  3 bats
  3 frilled lizards (D:2)
  6 rats
48 creatures vanquished.

Notes
Turn   | Place    | Note
-------+----------+-------------------------------------------
     0 | D:1      | zishaf the Deep Elf Fire Elementalist began the quest for the Orb.
     0 | D:1      | Reached XP level 1. HP: 10/10 MP: 6/6
   272 | D:1      | Reached XP level 2. HP: 15/15 MP: 5/8
   277 | D:1      | Learned a level 2 spell: Throw Flame
   969 | D:2      | Reached XP level 3. HP: 19/19 MP: 3/10
  1617 | D:2      | Reached XP level 4. HP: 24/24 MP: 5/11
  1884 | D:3      | Found a runed gate.
  1884 | D:3      | Found a runed gate.
  1884 | D:3      | Found a runed gate.
  1974 | D:3      | Found a roughly hewn altar of Beogh.
  1976 | D:3      | Noticed KappaVara's ghost (amateur OpFE)
  2004 | D:3      | Reached skill level 4 in Fire Magic
  2007 | D:3      | Slain by an orc

Vault maps used:
D:1:      ncdulo_watergridlock
D:3:      biasface_ghost_orc_armoury, minmay_snake_closets

Skill      XL: |  1  2  3  4 |
---------------+-------------+-----
Dodging        | 3 |  3.4
Conjurations   | 2 |  2.3
Fire Magic     | 4 |  4.0
Stealth        | |  2.4
Spellcasting   | |  3.8

Action                   |  1- 3 |  4- 6 || total
-------------------------+-------+-------++-------
Melee: Short sword       |     6 |       ||     6
 Cast: Flame Tongue      |    53 |    12 ||    65
       Throw Flame       |    21 |     1 ||    22
  Eat: Chunk             |     3 |     1 ||     4
Armor: Robe              |     4 |     2 ||     6
Dodge: Dodged            |    35 |     5 ||    40

Table legend:
 A = Spawn XP
 B = Non-spawn XP
 C = Spawn XP percentage of total XP
 D = Spawn monster count
 E = Non-spawn monster count
 F = Spawn count percentage of total count
 G = Total turns spent on level
                    A         B        C        D         E        F      G
               +---------+---------+-------+---------+---------+-------+---------
         Total |       0 |     109 |   0.0 |       0 |      48 |   0.0 |  2007
               +---------+---------+-------+---------+---------+-------+---------
           D:1 |       0 |      31 |   0.0 |       0 |      18 |   0.0 |  1033
           D:2 |       0 |      69 |   0.0 |       0 |      27 |   0.0 |   851
           D:3 |       0 |       9 |   0.0 |       0 |       3 |   0.0 |   123
               +---------+---------+-------+---------+---------+-------+---------
